 Dungeon Crawl Stone Soup version 0.30-a0-939-gc8157cb160 (webtiles) character file.

Game seed: 541774574505699854

861 cheesebisquit the Grave Robber (level 8, -9/63 HPs)
             Began as a Ghoul Necromancer on Mar 25, 2023.
             Mangled by a two-headed ogre
             ... wielding a +0 giant club
              (24 damage)
             ... on level 5 of the Dungeon.
             The game lasted 00:26:57 (7835 turns).

cheesebisquit the Grave Robber (Ghoul Necromancer)  Turns: 7835, Time: 00:26:58

Health: -9/63      AC:  9    Str: 12    XL:     8   Next: 2%
Magic:  4/12       EV: 10    Int: 21    God:
Gold:   72         SH:  0    Dex:  9    Spells: 6/14 levels left

rFire   . . .      SeeInvis .    r - +2 quarterstaff (chaos)
rCold   + . .      Faith    .    (shield currently unavailable)
rNeg    + + +      Spirit   .    w - +1 ring mail "Maovonk" {Int+3}
rPois   ∞          Reflect  .    t - +0 helmet
rElec   .          Rampage  .    y - +0 cloak
rCorr   .                        a - +0 pair of gloves
Will    .....                    (no boots)
Stlth   +                        (no amulet)
HPRegen 0.00/turn                C - ring of flight
MPRegen 0.13/turn                k - +6 ring of intelligence

@: brilliant, flying, inhibited regen
A: claws 1, cold resistance 1, negative energy resistance 3, inhibited
regeneration, torment resistance 2, devour on kill
a: no special abilities


You were on level 5 of the Dungeon.
You visited 1 branch of the dungeon, and saw 5 of its levels.

You collected 252 gold pieces.
You spent 180 gold pieces at shops.

Inventory:

Hand Weapons
 r - a +2 quarterstaff of chaos (weapon)
 x - a +1 whip of flaming
Missiles
 j - 2 datura-tipped darts
 o - 13 poisoned darts
Armour
 a - a +0 pair of gloves (worn)
 t - a +0 helmet (worn)
 w - the +1 ring mail "Maovonk" (worn) {Int+3}
   (You found it on level 3 of the Dungeon)

   Int:       It affects your intelligence (+3).
 y - a +0 cloak (worn)
Jewellery
 k - a +6 ring of intelligence (right hand)
 l - a ring of protection from cold
 C - a ring of flight (left hand)
Wands
 v - a wand of quicksilver (9)
Scrolls
 f - 2 scrolls of teleportation
 h - 2 scrolls of enchant armour {unknown}
 p - a scroll of noise
 s - a scroll of poison {unknown}
 u - a scroll of fog
 z - a scroll of immolation {unknown}
 A - a scroll of amnesia {unknown}
 D - a scroll of silence {unknown}
Potions
 b - a potion of might
 d - 3 potions of berserk rage
 e - 2 potions of curing {unknown}
 g - 4 potions of flight
 i - 2 potions of degeneration {unknown}
 m - a potion of resistance {unknown}
 n - 2 potions of attraction {unknown}
 q - a potion of experience {unknown}
 B - 2 potions of invisibility {unknown}


   Skills:
 + Level 3.2 Fighting
 + Level 2.5 Armour
 - Level 1.7 Dodging
 - Level 2.1 Stealth
 + Level 3.9 Spellcasting
 * Level 7.3 Necromancy


You had 6 spell levels left.
You knew the following spells:

 Your Spells              Type           Power      Damage    Failure   Level
a - Necrotise             Necr           100%       1d9       1%          1
b - Vampiric Draining     Necr           51%        2d9       3%          3
c - Animate Dead          Necr           51%        N/A       13%         4

Your spell library contained the following spells:

 Spells                   Type           Power      Damage    Failure   Level
 Agony                    Necr           51%        N/A       34%         5


Dungeon Overview and Level Annotations

Branches:
Dungeon (5/15)
 Temple: D:4-7

Altars:
Fedhas
Yredelemnul

Shops:
D:2 [

Annotations:
D:4 2 transporters


Innate Abilities, Weirdness & Mutations

You are immune to poison.
You have sharp fingernails.
Your flesh is cold resistant. (rC+)
You are immune to negative energy. (rN+++)
You do not regenerate when monsters are visible.
You are immune to unholy pain and torment.
You thrive by killing the living.


Message History

An adder comes into view.
The adder hisses angrily.
You hear two shouts!
A two-headed ogre comes into view. It is wielding two +0 giant clubs.
The adder writhes in agony.
The adder bites you but does no damage.
The adder writhes in agony.
The two-headed ogre struggles to resist.
The two-headed ogre writhes in agony!
The two-headed ogre closely misses you.
The two-headed ogre hits you with a +0 giant club!
You feel clever all of a sudden. The two-headed ogre barely misses you.
The two-headed ogre hits you with a +0 giant club!
Okay, then.
Aiming: Necrotise (safe; 1% risk of failure)
Press: ? - help, Q - select action, (/) - cycle Shift-Dir - straight line, f/p - two-headed ogre
Aim: a two-headed ogre, wielding two +0 giant clubs (lightly wounded, chance to affect: 70%)
You feel a surge of power!
The two-headed ogre writhes in agony.
Aiming: Necrotise (safe; 1% risk of failure)
Press: ? - help, Q - select action, (/) - cycle Shift-Dir - straight line, f/p - two-headed ogre
Aim: a two-headed ogre, wielding two +0 giant clubs (moderately wounded, chance to affect: 70%)
You feel a surge of power!
The two-headed ogre writhes in agony!
The two-headed ogre barely misses you.
The two-headed ogre hits you with a +0 giant club!
* * * LOW HITPOINT WARNING * * *
Aiming: Necrotise (safe; 1% risk of failure)
Press: ? - help, Q - select action, (/) - cycle Shift-Dir - straight line, f/p - two-headed ogre
Aim: a two-headed ogre, wielding two +0 giant clubs (moderately wounded, chance to affect: 70%)
You feel a surge of power!
The two-headed ogre struggles to resist.
The two-headed ogre closely misses you. The two-headed ogre barely misses you.
Aiming: Necrotise (safe; 1% risk of failure)
Press: ? - help, Q - select action, (/) - cycle Shift-Dir - straight line, f/p - two-headed ogre
Aim: a two-headed ogre, wielding two +0 giant clubs (moderately wounded, chance to affect: 70%)
You feel a surge of power!
The two-headed ogre struggles to resist.
Aiming: Necrotise (safe; 1% risk of failure)
Press: ? - help, Q - select action, (/) - cycle Shift-Dir - straight line, f/p - two-headed ogre
Aim: a two-headed ogre, wielding two +0 giant clubs (moderately wounded, chance to affect: 70%)
You feel a surge of power!
The two-headed ogre writhes in agony.
The two-headed ogre hits you with a +0 giant club!!
You die...

..#....## .##.....#
##... ..#.....# #.....
........####.....
##......<........
#......##.###..#
##....## ..#... #
#...###..###..###..###
#..## #.......@OS.....
#### ..###..###..### #
#....# ..#
#..###..###..###
...... #..............
..:... #.###..#.#..#.#
...... #..#.# # ......
#..### ...... .....
......


You could see a two-headed ogre and an adder.

Vanquished Creatures
  Sigmund (D:3)
  An ice beast (D:4)
  2 ogres
  A phantom (D:5)
  A scorpion (D:4)
  Crazy Yiuf (D:3)
  A sleepcap (D:5)
  An orc priest (D:5)
  Jessica (D:3)
  An orc wizard (D:4)
  3 adders
  A white imp (D:5)
  An ufetubus (D:4)
  A worm (D:3)
  3 dart slugs
  9 orcs
  8 ball pythons
  9 bats
  11 endoplasms
  3 giant cockroaches
  4 goblins
  10 hobgoblins
  12 jackals
  8 kobolds
  6 quokkas
  3 frilled lizards
  11 rats
  4 bushes (D:4)
118 creatures vanquished.

Vanquished Creatures (collateral kills)
  A dart slug (D:1)
  An endoplasm (D:3)
  3 jackals
  A ball python (D:1)
  A rat (D:1)
7 creatures vanquished.

Vanquished Creatures (others)
  7 plants (D:4)
7 creatures vanquished.

Grand Total: 132 creatures vanquished

Notes
Turn   | Place    | Note
-------+----------+-------------------------------------------
     0 | D:1      | cheesebisquit the Ghoul Necromancer began the quest for the
                  | Orb.
     0 | D:1      | Reached XP level 1. HP: 14/14 MP: 2/2
   166 | D:1      | Reached XP level 2. HP: 20/20 MP: 3/3
   493 | D:1      | Reached XP level 3. HP: 19/26 MP: 0/5
  1386 | D:2      | Found Taydgh's Antique Armour Shop.
  1439 | D:2      | Reached skill level 5 in Necromancy
  1598 | D:2      | Reached XP level 4. HP: 33/33 MP: 2/6
  2838 | D:2      | Learned a level 3 spell: Vampiric Draining
  2843 | D:2      | Learned a level 4 spell: Animate Dead
  3134 | D:3      | Found a runed translucent door.
  3135 | D:3      | Noticed Crazy Yiuf
  3257 | D:3      | Reached XP level 5. HP: 23/38 MP: 0/8
  3417 | D:3      | Noticed Jessica
  3420 | D:3      | Killed Jessica
  3421 | D:3      | Found a basalt altar of Yredelemnul.
  3426 | D:3      | Identified the +1 ring mail "Maovonk" {Int+3}
  3716 | D:3      | Noticed Sigmund
  3841 | D:3      | Killed Sigmund
  3842 | D:3      | Reached skill level 1 in Fighting
  3842 | D:3      | Reached skill level 1 in Armour
  3842 | D:3      | Reached skill level 6 in Necromancy
  3842 | D:3      | Reached XP level 6. HP: 33/47 MP: 5/9
  4085 | D:3      | Killed Crazy Yiuf
  4263 | D:4      | Found a transporter.
  4340 | D:2      | Bought a pair of gloves for 90 gold pieces
  4340 | D:2      | Bought a helmet for 90 gold pieces
  4473 | D:3      | Found a basalt altar of Yredelemnul.
  5835 | D:4      | Reached XP level 7. HP: 54/55 MP: 4/11
  5949 | D:4      | Found a transporter.
  6048 | D:4      | Found a blossoming altar of Fedhas.
  6480 | D:5      | Entered Level 5 of the Dungeon
  6738 | D:4      | Reached skill level 7 in Necromancy
  7303 | D:5      | Reached XP level 8. HP: 22/63 MP: 2/12
  7825 | D:5      | Noticed a two-headed ogre
  7835 | D:5      | Mangled by a two-headed ogre

Illustrated notes

Levels and vault maps discovered:
D:1:      minmay_arrival_doors, layout_basic
D:2:      minmay_evil_eye, layout_loops_corners, serial_shops, shop
D:3:      layout_basic, general_overflow_altar, chequers_serial_rivers_small_a,
          uniq_jessica, uniq_sigmund, uniq_crazy_yiuf_cottage
D:4:      gammafunk_steamed_eel, layout_basic, fedhas_ov_isle_minmay,
          roderic_roman_lattice, minivault_27, minmay_misc_feat_ornament,
          solitary_fountain
D:5:      layout_cave_pods, mainiacjoe_overflow_six_doors_small,
          gammafunk_temple_overflow_pools, minmay_misc_feat_nine_boxes

Skill      XL: |  1  2  3  4  5  6  7 |
---------------+----------------------+-----
Spellcasting   | 2 3 |  3.9
Necromancy     | 5 6 7 |  7.3
Fighting       | 1 2 3 |  3.2
Armour         | 1 2 |  2.5
Dodging        | |  1.7
Stealth        | |  2.1

Action                     |  1- 3 |  4- 6 |  7- 9 || total
---------------------------+-------+-------+-------++-------
  Melee: Unarmed           |    56 |    16 |       ||    72
         Quarterstaff      |       |     1 |   197 ||   198
   Cast: Necrotise         |    74 |   149 |    54 ||   277
    Use: Potion            |     2 |     3 |     1 ||     6
         Scroll            |       |     7 |     1 ||     8
 Armour: Robe              |    19 |     9 |       ||    28
         Ring mail         |       |    13 |    32 ||    45
  Dodge: Dodged            |    61 |    57 |    32 ||   150

Table legend: (Time is in decaauts)
 A = Elapsed time spent in this place.
 B = Non-inter-level travel time spent in this place.
 C = Inter-level travel time spent in this place.
 D = Time resting spent in this place.
 E = Time spent auto-exploring this place.
 F = Levels seen in this place.
 G = Mean time per level.
                   A        B        C        D        E       F      G
               +--------+--------+--------+--------+--------+-----+--------+
         Total |   7905 |   6954 |    951 |    434 |   5212 |   5 | 1581.0 |
       Dungeon |   7905 |   6954 |    951 |    434 |   5212 |   5 | 1581.0 |
               +--------+--------+--------+--------+--------+-----+--------+

Top non-repeatable levels by time:
     D:3: 2498 daAuts
     D:2: 1725 daAuts
     D:4: 1681 daAuts
     D:1: 1366 daAuts
     D:5: 633 daAuts
